[Event "*** Titled Tuesday Blitz"]
[Site "Chess.com"]
[Date "2018.06.05"]
[Round "4"]
[White "gpeloui"]
[Black "VNeimer"]
[Result "0-1"]
[WhiteElo "2334"]
[BlackElo "2465"]
[TimeControl "180+2"]
[EndTime "13:56:43 PDT"]
[Termination "VNeimer won by checkmate"]

1. e4 c5 2. Nf3 Nc6 3. d4 cxd4 4. Nxd4 Qb6 5. Nb3 Nf6 6. Nc3 e6 7. a3 a6 8. Be2 Be7 9. O-O d6 10. Be3 Qc7 11. f4 b5 12. Bf3 Bb7 13. Qe1 O-O 14.
Qg3 Rac8 15. f5 Ne5 16. Bh6 Ne8 17. Nd4 Kh8 18. Bf4 Nxf3+ 19. Nxf3 Nf6 20. Rae1 Nh5 21.
Qg4 Nxf4 22. Qxf4 Bf6 23. fxe6 fxe6 24. Qg4 Qe7 25. e5 dxe5 26. Nd2 Bh4 27. Rxf8+ Rxf8 28. Rf1 Qc5+ 29. Kh1 Rxf1+ 30. Nxf1 Qf2 31. Qe2 Bxg2# 0-1

[Event "*** Titled Tuesday Blitz"]
[Site "Chess.com"]
[Date "2018.06.05"]
[Round "4"]
[White "AlexanderKing"]
[Black "orrbaverlekszarnyon"]
[Result "1-0"]
[WhiteElo "2461"]
[BlackElo "2296"]
[TimeControl "180+2"]
[EndTime "13:56:44 PDT"]
[Termination "AlexanderKing won by checkmate"]

1. d4 d5 2. c4 e6 3. Nc3 c5 4.
cxd5 exd5 5. Nf3 Nc6 6. g3 Nf6 7. Bg2 Be7 8. O-O O-O 9. Bg5 c4 10.
Ne5 Be6 11. e3 h6 12. Bxf6 Bxf6 13. f4 Qb6 14. Nxd5 Bxd5 15. Bxd5 Bxe5 16. fxe5 Rad8 17. Bxc4 Nxd4 18. Qh5 Ne6 19. Qe2 Qc5 20. Rf5 g6 21.
Rf6 Qxe5 22. Raf1 Ng5 23. Rxg6+ Kh7 24. Rgf6 Qe4 25. h4 Rde8 26. hxg5 Qxe3+ 27. Qxe3 Rxe3 28. g6+ Kg7 29. Rxf7+ Rxf7 30. Rxf7+ Kh8 31. Rh7# 1-0

[Event "*** Titled Tuesday Blitz"]
[Site "Chess.com"]
[Date "2018.06.05"]
[Round "4"]
[White "olomi007"]
[Black "JaimeSantosLatasa"]
[Result "0-1"]
[WhiteElo "2635"]
[BlackElo "2647"]
[TimeControl "180+2"]
[EndTime "13:56:49 PDT"]
[Termination "JaimeSantosLatasa won by resignation"]

1. e4 e5 2. Nf3 Nc6 3. Bb5 a6 4. Ba4 Nf6 5. O-O Be7 6. Re1 b5 7. Bb3 d6 8. c3 O-O 9. h3 Nb8 10. d4 Nbd7 11. Nbd2 Bb7 12. Bc2 Re8 13. Nf1 Bf8 14.
Ng3 g6 15. a4 Bg7 16. Bd3 d5 17. axb5 axb5 18. Rxa8 Qxa8 19. Nxe5 Nxe5 20. dxe5 Nxe4 21. Bxb5 Rxe5 22. Bf4 Re7 23. f3 Qa7+ 24. Kh2 Qc5 25. Qe2 h5 26. fxe4 h4 27. Nh1 Rxe4 28. Be3 d4 29. cxd4 Bxd4 30. Qf1 Bxe3 31. Bc4 Qe5+ 32. g3 Bg1+ 33. Qxg1 Rxe1 0-1

[Event "*** Titled Tuesday Blitz"]
[Site "Chess.com"]
[Date "2018.06.05"]
[Round "4"]
[White "BlackBoarder"]
[Black "Eliwood44"]
[Result "1/2-1/2"]
[WhiteElo "2264"]
[BlackElo "2178"]
[TimeControl "180+2"]
[EndTime "13:56:50 PDT"]
[Termination "Game drawn - insufficient material"]

1. e4 e5 2. Nf3 Nc6 3. d4 exd4 4. Bc4 Nf6 5. O-O Nxe4 6. Re1 d5 7.
Bxd5 Qxd5 8. Nc3 Qa5 9. Nxe4 Be6 10. Neg5 O-O-O 11. Nxe6 fxe6 12. Rxe6 h6 13. Qe2 g5 14. Ne5 Nxe5 15. Qxe5 Qxe5 16. Rxe5 Bd6 17. Re4 Rhe8 18. Rxe8 Rxe8 19. Kf1 c5 20. h4 Re5 21. Bd2 Kd7 22.
f3 gxh4 23. Bxh6 h3 24. Bf4 Rf5 25. Bxd6 Kxd6 26. Kf2 hxg2 27. Kxg2 b5 28. Rh1 a5 29. Kg3 Rf6 30. f4 Kd5 31. Kf3 a4 32. Rh5+ Kc4 33. f5 a3 34. bxa3 Kc3 35. Ke4 Kxc2 36. Rh2+ Kc3 37.
Rh3+ Kb2 38. Ke5 Rf8 39. f6 Kxa2 40. Kd5 Rxf6 41. Kxc5 Ra6 42. Kxb5 Rxa3 43. Rxa3+ Kxa3 44. Kc4 d3 45. Kxd3 1/2-1/2

[Event "*** Titled Tuesday Blitz"]
[Site "Chess.com"]
[Date "2018.06.05"]
[Round "4"]
[White "VitaliyBernadskiy"]
[Black "BogdanDeac"]
[Result "1-0"]
[WhiteElo "2637"]
[BlackElo "2672"]
[TimeControl "180+2"]
[EndTime "13:56:53 PDT"]
[Termination "VitaliyBernadskiy won on time"]

1. d4 Nf6 2. c4 e6 3. Nf3 d5 4. Nc3 dxc4 5. e4 b5 6. e5 Nd5 7. Nxb5 Nb6 8. Be2 Nc6 9. O-O Be7 10.
Nc3 O-O 11. Be3 Rb8 12. Nd2 Nxd4 13. Bxc4 Nf5 14. Bxb6 axb6 15. Nde4 Bb7 16. Qxd8 Rfxd8 17. Rfd1 h5 18. Ng3 Nh4 19. Nge4 Ng6 20. Be2 h4 21. Bf3 Nxe5 22. Rxd8+ Rxd8 23. Nf6+ Bxf6 24. Bxb7 Nc4 25. Nb5 Bxb2 26. Re1 1-0

[Event "*** Titled Tuesday Blitz"]
[Site "Chess.com"]
[Date "2018.06.05"]
[Round "4"]
[White "champ2005"]
[Black "Arash-Tiger"]
[Result "0-1"]
[WhiteElo "2556"]
[BlackElo "2785"]
[TimeControl "180+2"]
[EndTime "13:57:01 PDT"]
[Termination "Arash-Tiger won by resignation"]

1. e4 c5 2. b3 d6 3. Bb2 Nf6 4. Nc3 Nc6 5. Bb5 e5 6. Qe2 Be7 7. O-O-O O-O 8. Bxc6 bxc6 9. d3 d5 10. h3 d4 11. Nb1 a5 12. a4 c4 13. dxc4 Nd7 14.
f4 Nc5 15. Nf3 d3 16. Rxd3 Nxd3+ 17. cxd3 exf4 18. d4 Rb8 19. Nbd2 f5 20. e5 Be6 21. h4 h6 22. h5 Rb7 23. Qf2 Qd7 24. g3 fxg3 25.
Qxg3 f4 26. Qg2 Bf5 27. Rg1 Rf7 28. Qh2 Bb4 29. Qxf4 Bd3 30. Qe3 Qf5 31. Nh4 Qf4 32. Qxf4 Rxf4 33. Nhf3 Rbf7 34. Ne1 Bh7 35. e6 Re7 36. d5 cxd5 37. cxd5 Bxd2+ 38. Kxd2 Rf2+ 39. Kc3 Rc7+ 40. Kd4 Rxb2 41. Nf3 Rxb3 42. d6 Rd3+ 43. Ke5 Rc5+ 44. Kf4 Rxd6 0-1

[Event "*** Titled Tuesday Blitz"]
[Site "Chess.com"]
[Date "2018.06.05"]
[Round "4"]
[White "1e41-0"]
[Black "walkingcreep"]
[Result "1-0"]
[WhiteElo "2416"]
[BlackElo "2421"]
[TimeControl "180+2"]
[EndTime "13:57:04 PDT"]
[Termination "1e41-0 won by resignation"]

1. d4 Nf6 2. c4 g6 3. Nc3 Bg7 4. e4 d6 5. Nge2 O-O 6. f3 a6 7. Be3 Nc6 8. Qd2 Na5 9. Ng3 b5 10. cxb5 axb5 11. Bxb5 Nb3 12. Qd1 Nxa1 13. Qxa1 Ba6 14.
Bxa6 Rxa6 15. O-O c6 16. Qd1 Qb6 17. Qd2 Rb8 18. Rf2 Qb4 19. h4 h5 20. a3 Qb3 21.
Bh6 Bh8 22. e5 Nd5 23. Nce4 dxe5 24. Nc5 Qb5 25. Nxa6 Qxa6 26. Nf5 gxf5 27. Qg5+ Kh7 28. Qxh5 Nf6 29. Qxf7+ Kxh6 30. dxe5 Nd5 31. g4 Bf6 32. exf6 exf6 33. g5+ fxg5 34. hxg5+ Kxg5 35. f4+ Nxf4 36. Qg7+ Kh5 37. Rh2+ 1-0

[Event "*** Titled Tuesday Blitz"]
[Site "Chess.com"]
[Date "2018.06.05"]
[Round "4"]
[White "nicegg"]
[Black "gemarin"]
[Result "1-0"]
[WhiteElo "1889"]
[BlackElo "1806"]
[TimeControl "180+2"]
[EndTime "13:57:04 PDT"]
[Termination "nicegg won by resignation"]

1. e4 c5 2. Qh5 d6 3. f4 Nf6 4. Qf3 Nc6 5. c3 Bg4 6. Qe3 Bd7 7. d3 e6 8. Qf3 Be7 9. g4 h6 10. h4 d5 11. g5 dxe4 12. dxe4 Ng8 13. Be3 Qc7 14. Nd2 O-O-O 15. O-O-O hxg5 16. hxg5 Rxh1 17. Qxh1 Bf8 18. Qh5 Be8 19. Qh8 e5 20. f5 Nce7 21. f6 gxf6 22. gxf6 Ng6 23. Qxg8 Bc6 24. Qh7 Qd6 25.
Qxf7 Bxe4 26. Be2 Nh8 27. Nxe4 Qxd1+ 28. Bxd1 Nxf7 29. Bxc5 Bxc5 30. Nxc5 Ng5 31. Nf3 Nxf3 32. Bxf3 Rf8 33. Bxb7+ Kc7 34. Ne6+ Kxb7 35. Nxf8 Kc6 36. Ng6 Kd6 37. f7 1-0

[Event "*** Titled Tuesday Blitz"]
[Site "Chess.com"]
[Date "2018.06.05"]
[Round "4"]
[White "Velis23"]
[Black "vpantev"]
[Result "1/2-1/2"]
[WhiteElo "2256"]
[BlackElo "2450"]
[TimeControl "180+2"]
[EndTime "13:57:05 PDT"]
[Termination "Game drawn by agreement"]

1. Nf3 d5 2. g3 Bf5 3. Bg2 e6 4. d3 Nf6 5. O-O h6 6. Nh4 Bh7 7. Nd2 Be7 8. c3 c5 9. f4 Nc6 10. Nhf3 O-O 11. Ne5 Nxe5 12. fxe5 Nd7 13. Nf3 Qc7 14.
d4 cxd4 15. cxd4 Rac8 16. Bd2 Qc2 17. Bc3 Qxd1 18. Raxd1 Nb6 19. Nd2 Na4 20. e4 dxe4 21. Nxe4 Bxe4 22. Bxe4 Nxc3 23. bxc3 Rxc3 24. Bxb7 Bg5 25.
d5 Rc7 26. Ba6 exd5 27. Rxd5 Re7 28. Bc4 g6 29. Kg2 Kg7 30. Re1 Rfe8 31. h4 Rc7 32. Bb3 Be7 33. e6 f5 34. Rd7 Rec8 35. Red1 Kf6 36. R1d5 a6 37. Ra5 Rc6 38. Ra7 Rd8 39. Rd7 Rdc8 1/2-1/2

[Event "*** Titled Tuesday Blitz"]
[Site "Chess.com"]
[Date "2018.06.05"]
[Round "4"]
[White "ShimanovAlex"]
[Black "W_Amadeus"]
[Result "1-0"]
[WhiteElo "2719"]
[BlackElo "2516"]
[TimeControl "180+2"]
[EndTime "13:57:06 PDT"]
[Termination "ShimanovAlex won by resignation"]

1. d4 d5 2. Bf4 Nf6 3. e3 c5 4. Nd2 Nc6 5. c3 Bg4 6. Ngf3 cxd4 7. exd4 e6 8. Qb3 Qc8 9. Ne5 Bh5 10. Bb5 Nd7 11.
O-O Be7 12. c4 Nxd4 13. Bxd7+ Qxd7 14. Qe3 Ne2+ 15. Kh1 Qd8 16. cxd5 Qxd5 17. Bg5 Bc5 18. Qh3 Qxe5 19. Qxh5 h6 20. f4 Qd5 21. Rad1 Kf8 22. Qxe2 hxg5 23. Ne4 Qf5 24. fxg5 Qe5 25. g3 Kg8 26.
Rd7 Rf8 27. Qg4 Bb6 28. Nf6+ gxf6 29. gxf6+ 1-0

[Event "*** Titled Tuesday Blitz"]
[Site "Chess.com"]
[Date "2018.06.05"]
[Round "4"]
[White "LornerAcosta"]
[Black "FairChess_on_YouTube"]
[Result "0-1"]
[WhiteElo "2312"]
[BlackElo "2963"]
[TimeControl "180+2"]
[EndTime "13:57:17 PDT"]
[Termination "FairChess_on_YouTube won on time"]

1. d4 d5 2. Nf3 Nf6 3. e3 Bf5 4. Bd3 e6 5. Bxf5 exf5 6. Qd3 Qc8 7.
c4 dxc4 8. Qxc4 Bd6 9. O-O O-O 10. b4 Nbd7 11. Bb2 Nb6 12. Qb3 f4 13. Nc3 Re8 14. Rae1 fxe3 15. fxe3 Qe6 16. Qxe6 Rxe6 17. a3 Nc4 18. Bc1 Rae8 19. Ng5 R6e7 20. e4 h6 21. Rxf6 gxf6 22. Nf3 c6 23. Kf2 Kh7 24. h3 Bc7 25. Nh4 Rd7 26. Nf5 Bb6 27. Rd1 Nd6 28. Nxd6 Rxd6 29.
Be3 a5 30. b5 Red8 31. bxc6 bxc6 32. d5 Bxe3+ 33. Kxe3 Kg7 34. Kd4 f5 35. Kc5 fxe4 0-1

[Event "*** Titled Tuesday Blitz"]
[Site "Chess.com"]
[Date "2018.06.05"]
[Round "4"]
[White "Ar4uha"]
[Black "Beca95"]
[Result "0-1"]
[WhiteElo "2584"]
[BlackElo "2779"]
[TimeControl "180+2"]
[EndTime "13:57:17 PDT"]
[Termination "Beca95 won by resignation"]

1. e4 c6 2. d4 d5 3. Nc3 dxe4 4. Nxe4 Nf6 5. Nxf6+ exf6 6. c3 Bd6 7. Bd3 O-O 8. Qc2 Re8+ 9. Ne2 h5 10. O-O Nd7 11. Bf4 Rxe2 12. Qxe2 Bxf4 13. Qxh5 Nf8 14. Rfe1 g6 15.
Qf3 Bh6 16. Re2 Be6 17. Rae1 Kg7 18. b3 Qd7 19. h3 Rd8 20. Bc4 b5 21. Bxe6 Nxe6 22.
h4 b4 23. h5 bxc3 24. Qxc3 Qxd4 25. Qxc6 Rd6 26. Qb7 Rd7 27. Qb5 Qd5 28. Qxd5 Rxd5 29.
hxg6 Kxg6 30. g3 f5 31. Kg2 Bg7 32. Rc2 Bf6 33. Rc6 a5 34. Rec1 Bd4 35. a3 Bb2 36. R1c4 Bxa3 37. g4 Bb4 38. gxf5+ Kxf5 39. Rh4 Nf4+ 40.
Kh2 Bd6 41. Kg3 Be5 42. Rhh6 f6 43. Rb6 Rd3+ 44. Kh2 Nd5+ 0-1

[Event "*** Titled Tuesday Blitz"]
[Site "Chess.com"]
[Date "2018.06.05"]
[Round "4"]
[White "x-3738459472"]
[Black "kleinebeer98"]
[Result "1/2-1/2"]
[WhiteElo "2450"]
[BlackElo "2470"]
[TimeControl "180+2"]
[EndTime "13:57:25 PDT"]
[Termination "Game drawn by repetition"]

1. e4 c5 2. Nc3 a6 3. Nf3 e6 4. d4 cxd4 5. Nxd4 Nc6 6. Nxc6 bxc6 7. Bd3 Qc7 8. O-O Nf6 9. Qe2 d5 10. b3 Bd6 11. h3 Be5 12. Bb2 O-O 13. Kh1 Re8 14. Rae1 Qa5 15. Qd2 dxe4 16. Bxe4 Nxe4 17. Rxe4 Bf6 18. Rd1 c5 19. Nd5 Qxd2 20. Nxf6+ gxf6 21.
Rxd2 f5 22. Re3 Ra7 23. Bf6 Rd7 24. Red3 Rxd3 25. Rxd3 Bb7 26. Rd7 Be4 27. c3 Bb1 28. a3 Ba2 29. b4 cxb4 30. axb4 Bc4 31. Rc7 Bd3 32. c4 e5 33. c5 f4 34. c6 e4 35. Re7 Rxe7 36. Bxe7 e3 37. fxe3 fxe3 38.
c7 Bf5 39. Kg1 Kg7 40. Kf1 f6 41. Ke2 Kf7 42. Bc5 Ke8 43. Kxe3 Kd7 44. Bb6 Kc6 45. Ba5 Be6 46. Ke4 Kd6 47. h4 h5 48. g3 Kc6 49.
Kd4 Kd6 50. Ke4 Kc6 51. Kf4 Kb5 52. Ke4 Kc6 1/2-1/2

[Event "*** Titled Tuesday Blitz"]
[Site "Chess.com"]
[Date "2018.06.05"]
[Round "4"]
[White "UNDERTAKER2001"]
[Black "AlexTruskavetsky"]
[Result "1-0"]
[WhiteElo "2359"]
[BlackElo "2271"]
[TimeControl "180+2"]
[EndTime "13:57:29 PDT"]
[Termination "UNDERTAKER2001 won on time"]

1. d4 Nf6 2. c4 g6 3. Nc3 d5 4.
Bg5 Ne4 5. Bh4 Nxc3 6. bxc3 Bg7 7. Nf3 O-O 8. cxd5 Qxd5 9. Bxe7 Re8 10. Bh4 c5 11. e3 cxd4 12. cxd4 Nc6 13. Be2 Qa5+ 14.
Qd2 Qxd2+ 15. Kxd2 Bf5 16. Bd3 Bg4 17. Rab1 b6 18.
Rhc1 Na5 19. Rc7 Be6 20. Rb2 Rac8 21. Rxa7 Nc4+ 22. Bxc4 Rxc4 23. Rxb6 Rec8 24. Rb2 Bf8 25. Ne5 Bb4+ 26. Ke2 Rc2+ 27. Rxc2 Rxc2+ 28. Kf3 Bd5+ 29. e4 Rc3+ 30. Kf4 Be6 31. d5 Bc8 32. Be7 Bxe7 33. Rxe7 Rc2 34. Kg5 Rxf2 35. Re8+ Kg7 36. Rxc8 f6+ 37.
Kg4 fxe5 38. Kg3 Rxa2 39. Re8 Ra3+ 40. Kg4 1-0

[Event "*** Titled Tuesday Blitz"]
[Site "Chess.com"]
[Date "2018.06.05"]
[Round "4"]
[White "korason34"]
[Black "GrigorGrigorov"]
[Result "1-0"]
[WhiteElo "2477"]
[BlackElo "2670"]
[TimeControl "180+2"]
[EndTime "13:57:30 PDT"]
[Termination "korason34 won by resignation"]

1. d4 e6 2. c4 Nf6 3. Nc3 Bb4 4. f3 Nc6 5. a3 Bxc3+ 6. bxc3 b6 7. e4 Ba6 8. Bd3 Na5 9. Qe2 Nb3 10. Rb1 Nxc1 11. Rxc1 O-O 12. Nh3 d5 13. cxd5 Bxd3 14. Qxd3 exd5 15.
e5 Nd7 16. O-O c5 17. f4 Rc8 18. Ng5 g6 19. Qh3 h5 20. e6 Nf6 21. exf7+ Rxf7 22. Nxf7 Kxf7 23. Rce1 Qd7 24. f5 g5 25. Re6 cxd4 26. cxd4 Qa4 27. Qe3 Ne4 28. Rxe4 dxe4 29. Qxe4 Re8 30. Qd5+ Kf8 31. Qd6+ Kf7 32. Qg6+ Kf8 33. f6 Qxd4+ 34. Kh1 Qd7 35. f7 1-0

[Event "*** Titled Tuesday Blitz"]
[Site "Chess.com"]
[Date "2018.06.05"]
[Round "4"]
[White "colegiodemadrid"]
[Black "Martins-BR"]
[Result "1/2-1/2"]
[WhiteElo "2289"]
[BlackElo "2317"]
[TimeControl "180+2"]
[EndTime "13:57:33 PDT"]
[Termination "Game drawn by agreement"]

1. e4 c5 2. Nf3 e6 3. d4 cxd4 4.
Nxd4 Nc6 5. Nc3 Qc7 6. a3 a6 7. Be2 Nf6 8. Be3 Ne5 9. O-O b5 10. f4 Nc4 11. Bxc4 Qxc4 12. e5 Nd5 13. Nxd5 Qxd5 14.
Qf3 Bb7 15. Qxd5 Bxd5 16. c3 d6 17. exd6 Bxd6 18. g3 g6 19. Kf2 h5 20. h4 O-O 21.
Nf3 Rfd8 22. Ne5 Bb3 23. Bd4 Rac8 24. Rfe1 Rc7 25. Re2 Bc5 26. Bxc5 Rxc5 27. Nf3 Bc4 28. Re5 Rcd5 29. Nd4 R5d6 30. Rae1 Bd5 31. R1e2 Rb6 32. Re1 Rdb8 33. Rc1 a5 34. Re3 Kf8 35. Kg1 Rc8 36. Nc2 b4 37. axb4 axb4 38. Nd4 bxc3 39. Rexc3 Rcb8 40.
Rc8+ Rxc8 41. Rxc8+ Kg7 42. Rc2 Rb4 43. Rd2 Kf6 44. Kf2 Ke7 45. Ne2 1/2-1/2

[Event "*** Titled Tuesday Blitz"]
[Site "Chess.com"]
[Date "2018.06.05"]
[Round "4"]
[White "Jungle_Jaguar"]
[Black "kungmongmanh"]
[Result "0-1"]
[WhiteElo "2446"]
[BlackElo "2438"]
[TimeControl "180+2"]
[EndTime "13:57:36 PDT"]
[Termination "kungmongmanh won by resignation"]

1. e4 e6 2. d4 d5 3. Nc3 Nf6 4. Bg5 dxe4 5. Nxe4 Nbd7 6. Bd3 h6 7. Bxf6 Nxf6 8. c3 Nd5 9. Nf3 Be7 10. O-O O-O 11. Bc2 b6 12. Qd3 f5 13. Ng3 a5 14. Rfe1 Qe8 15.
Ne5 Bf6 16. a3 Ba6 17. c4 Rd8 18. Bb3 Nf4 19. Qf3 Bxe5 20. Rxe5 Rxd4 21. c5 Rd3 22. Qxf4 Rxb3 23. cxb6 cxb6 24. Nxf5 Qf7 25. Qa4 Rxb2 26. Qd4 Rc2 27. Qe4 Rc4 28. Nxh6+ gxh6 29. Qe3 Qf4 30. Rxe6 Qxe3 31. fxe3 Rc2 32. Rxb6 Bd3 33. Rd1 Be4 0-1

[Event "*** Titled Tuesday Blitz"]
[Site "Chess.com"]
[Date "2018.06.05"]
[Round "4"]
[White "TBergh98"]
[Black "djano"]
[Result "0-1"]
[WhiteElo "2196"]
[BlackElo "2409"]
[TimeControl "180+2"]
[EndTime "13:57:37 PDT"]
[Termination "djano won by resignation"]

1. d4 Nf6 2. Bg5 d5 3. Bxf6 gxf6 4. e3 c5 5. Bb5+ Nc6 6. c4 cxd4 7. exd4 dxc4 8. d5 a6 9. Ba4 b5 10. dxc6 bxa4 11.
Qxa4 Qd5 12. Nc3 Qxg2 13. Rd1 Bh6 14. Qa5 Be6 15. c7 O-O 16. Nce2 Qxh1 17. Qc5 Qxh2 18. Qxe7 Rae8 19. Qxf6 Bg7 20. Qd8 Be5 21. Qg5+ Kh8 22. Rd8 f6 23. Rxe8 Rxe8 24. Qe3 Bxc7 25. Qc5 Qd6 26.
Qh5 Re7 27. Qh6 Rf7 28. Nf3 Qf8 29. Qh5 Re7 30. Nh4 Bf7 31. Qf3 Bg6 32. Qh3 Bd3 33.
Kd2 Qh6+ 34. Kc3 Bxe2 35. Nf5 Qxh3+ 36. Kb4 Qxf5 0-1

[Event "*** Titled Tuesday Blitz"]
[Site "Chess.com"]
[Date "2018.06.05"]
[Round "4"]
[White "cassoulet"]
[Black "nihalsarin"]
[Result "0-1"]
[WhiteElo "2459"]
[BlackElo "2746"]
[TimeControl "180+2"]
[EndTime "13:57:38 PDT"]
[Termination "nihalsarin won by resignation"]

1. e4 e5 2. Nf3 Nc6 3. Bc4 Bc5 4.
c3 Nf6 5. d3 O-O 6. Bb3 d6 7. h3 a6 8. Nbd2 Re8 9. Nf1 Be6 10.
Ng3 d5 11. Qe2 Na5 12. Bxd5 Nxd5 13. exd5 Bxd5 14. b4 e4 15. dxe4 Qf6 16. Bb2 Bc4 17. Qc2 Rad8 18. bxc5 Bd3 19. Qc1 Nc4 20. Nd2 Nxd2 21. Qxd2 Bxe4 22. Qxd8 Qxd8 23. O-O Bc6 24. Rad1 Qf6 25. Rd4 g6 26. Rfd1 h5 27. c4 Qe7 28.
Rf4 Qxc5 29. Bf6 Qa3 30. Nf1 Qxa2 31. Ne3 Rxe3 32. Rd8+ Re8 33. Rxe8+ Bxe8 34. Rd4 Qb1+ 35. Kh2 Qf5 0-1

[Event "*** Titled Tuesday Blitz"]
[Site "Chess.com"]
[Date "2018.06.05"]
[Round "4"]
[White "AlexanderL"]
[Black "wonderfultime"]
[Result "0-1"]
[WhiteElo "2720"]
[BlackElo "2864"]
[TimeControl "180+2"]
[EndTime "13:57:39 PDT"]
[Termination "wonderfultime won by resignation"]

1. Nf3 Nf6 2. c4 c6 3. d4 d5 4. e3 Bf5 5. Nc3 e6 6. Nh4 Be4 7. f3 Bg6 8. Qb3 Qc7 9. Bd2 Be7 10. Rc1 Nbd7 11. g3 Nb6 12. cxd5 exd5 13. Nxg6 hxg6 14. Kf2 O-O 15. g4 Rae8 16. h4 Qb8 17.
Kg2 Bd6 18. Bd3 Re6 19. h5 g5 20. e4 dxe4 21. Nxe4 Bf4 22. Nxg5 Bxd2 23. Nxe6 fxe6 24.
Qxe6+ Kh8 25. Rcd1 Nbd5 26. Kf1 Qf4 27. Rh3 Ne3+ 28.
Ke2 Nxd1 29. Kxd1 Bb4 30. Qe2 Re8 31. Qf2 Re1+ 32. Kc2 Re3 33. h6 g5 34. a3 Qxd4 35. Qf1 Bd6 36. Rh1 Be5 0-1

[Event "*** Titled Tuesday Blitz"]
[Site "Chess.com"]
[Date "2018.06.05"]
[Round "4"]
[White "Zhuu96"]
[Black "Andreikka"]
[Result "0-1"]
[WhiteElo "2921"]
[BlackElo "2805"]
[TimeControl "180+2"]
[EndTime "13:57:44 PDT"]
[Termination "Andreikka won by resignation"]

1. e4 c6 2. d4 d5 3. Nc3 dxe4 4.
Nxe4 Bf5 5. Ng3 Bg6 6. Nf3 e6 7. h4 h6 8. h5 Bh7 9. Bd3 Bxd3 10. Qxd3 Nf6 11. Bd2 c5 12. O-O-O Nc6 13. Bc3 Nb4 14.
Bxb4 cxb4 15. Rhe1 Qd5 16. Kb1 Bd6 17. Ne5 O-O 18. f3 Rac8 19. Nf1 Nxh5 20. Ne3 Nf4 21. Qd2 Qb5 22. N3g4 Bxe5 23. Rxe5 Qc6 24. Rc1 f6 25. Re4 Nd5 26. Re2 Nc3+ 27. Ka1 Nxe2 28. Qxe2 Rfd8 29. Qd3 f5 30. Ne5 Qc7 31. Qb3 Qe7 32. c3 Rxd4 33. Re1 bxc3 34. bxc3 Rd5 35. Ng6 Qd7 36. Ne7+ Qxe7 37.
Qxd5 Kf7 38. Qd4 b6 39. Re2 Rc7 40. Kb2 Qc5 41. Qd3 b5 42. a3 a5 43. Qd4 Qxd4 44.
cxd4 Rc4 45. Rd2 b4 46. d5 bxa3+ 47. Kxa3 exd5 48. Rxd5 Kf6 49. Kb2 a4 50. Ra5 g6 51.
g3 h5 52. Ra6+ Kg5 53. Rb6 h4 54. gxh4+ Rxh4 55. Rc6 0-1

[Event "*** Titled Tuesday Blitz"]
[Site "Chess.com"]
[Date "2018.06.05"]
[Round "4"]
[White "FranklinAPalomo"]
[Black "Swarnapuri"]
[Result "0-1"]
[WhiteElo "2322"]
[BlackElo "2442"]
[TimeControl "180+2"]
[EndTime "13:57:44 PDT"]
[Termination "Swarnapuri won by resignation"]

1. Nf3 Nc6 2. g3 e5 3. d3 g6 4. Bg2 Bg7 5. O-O d5 6. Nbd2 Nge7 7. e4 O-O 8. Re1 h6 9. a3 Be6 10. c3 Qd7 11. Qc2 Rad8 12. a4 d4 13. c4 Nb4 14. Qb1 a5 15. b3 Nec6 16. Ba3 Rfe8 17. Re2 Bf8 18. Ne1 Nb8 19. Ndf3 f6 20. Bxb4 Bxb4 21.
Nc2 Bc3 22. Ra2 c6 23. b4 Na6 24. b5 Nc5 25. Nce1 Ra8 26. Rec2 cxb5 27. axb5 a4 28. Bf1 a3 29. Rc1 Bb2 30. Rxb2 axb2 31. Qxb2 Ra4 32.
Qd2 Kg7 33. Rb1 Rea8 34. Rb2 Ra1 35. Nc2 R1a2 36. Nb4 Rxb2 37. Qxb2 Qc7 38. Nd5 Qa5 39. Nxd4 Bxd5 40. exd5 exd4 41. Qxd4 Nd7 42. h4 Qb6 43. Qe4 Qd6 44. Bh3 f5 45. Qe3 Qe5 46. Qd2 Ra1+ 47.
Kg2 Nc5 48. Kh2 Qd4 49. Bg2 Nxd3 50. d6 f4 51. Qe2 fxg3+ 52. fxg3 Qg1+ 53. Kh3 Nf2+ 0-1

[Event "*** Titled Tuesday Blitz"]
[Site "Chess.com"]
[Date "2018.06.05"]
[Round "4"]
[White "dawtonlms"]
[Black "JosefineHeinemann"]
[Result "0-1"]
[WhiteElo "2389"]
[BlackElo "2311"]
[TimeControl "180+2"]
[EndTime "13:57:45 PDT"]
[Termination "JosefineHeinemann won by resignation"]

1. e4 e5 2. Nf3 Nc6 3. d4 exd4 4. Bc4 Nf6 5. e5 d5 6. Bb5 Ne4 7. Nxd4 Bd7 8. Bxc6 bxc6 9. O-O Bc5 10. f3 Ng5 11. Be3 Bb6 12. f4 Ne4 13. Nd2 Nxd2 14. Qxd2 c5 15. Nb3 d4 16. Bf2 Bc6 17. Rfe1 Qd5 18. Bh4 O-O 19. Rad1 c4 20. Nc1 Rfe8 21. Kh1 Qe6 22. b3 c3 23. Qe2 Qd5 24. Nd3 a5 25. a4 f6 26. Qg4 f5 27. Qg3 Re6 28. Bf6 g6 29. Re2 Rf8 30. Rde1 Bc5 31. h4 Be7 32. Bxe7 Rxe7 33. Qg5 h6 34. Qxh6 Rg7 35. Qg5 Re8 36. Kg1 Bb7 37. e6 c5 38. Re5 Qc6 39. Rxc5 Qd6 40.
Rce5 Ree7 41. R1e2 Be4 42. Nf2 d3 43. cxd3 Bxd3 44.
Re1 c2 45. Qg3 Ba6 46. Qe3 Bb7 47. Rc5 Rc7 48. Rxc7 Qxc7 49. Nd3 Qc6 50. Re2 Re7 51. Nc1 Ba6 52. Re1 Qd5 53. h5 gxh5 54. Qg3+ Rg7 55.
Qxg7+ Kxg7 56. e7 Bb7 0-1

[Event "*** Titled Tuesday Blitz"]
[Site "Chess.com"]
[Date "2018.06.05"]
[Round "4"]
[White "Infernal_XaM"]
[Black "Hrant_ChessMood"]
[Result "1-0"]
[WhiteElo "2749"]
[BlackElo "2928"]
[TimeControl "180+2"]
[EndTime "13:57:47 PDT"]
[Termination "Infernal_XaM won by resignation"]

1. d4 Nf6 2. Nf3 d5 3. e3 c5 4. c3 Nbd7 5. Nbd2 g6 6. b4 b6 7. bxc5 bxc5 8. dxc5 Nxc5 9. Ba3 Qc7 10. c4 Qa5 11.
Bb2 Bg7 12. cxd5 O-O 13. Bc4 Na4 14. Bd4 Nb6 15. Bb3 Ba6 16. Ne5 Nbxd5 17. Nc6 Qb5 18. Rc1 Rac8 19. Rc5 Qb7 20. Na5 Qd7 21. Ne4 Rxc5 22.
Nxc5 Qb5 23. Qd2 Ne4 24. Nxe4 Bxd4 25. exd4 Nf4 26. Nc4 Nxg2+ 27. Kf1 Nh4 28. Nc5 Bb7 29. Nxb7 Qxb7 30. d5 Rd8 31. Ne5 Nf5 32. Rg1 Qc7 33. Qf4 Qc8 34. h4 Nd6 35. h5 Qh3+ 36. Ke1 Qxh5 37. Bd1 Qh3 38. Bf3 Qc8 39. Kf1 Rf8 40. Nc6 Re8 41. Kg2 Qd7 42. Re1 Nf5 43. Re5 Kg7 44.
Bg4 f6 45. Bxf5 gxf5 46. Rxf5 Kf7 47. Ne5+ 1-0

[Event "*** Titled Tuesday Blitz"]
[Site "Chess.com"]
[Date "2018.06.05"]
[Round "4"]
[White "Next_Touch"]
[Black "GMMatamoros"]
[Result "1-0"]
[WhiteElo "2703"]
[BlackElo "2514"]
[TimeControl "180+2"]
[EndTime "13:57:50 PDT"]
[Termination "Next_Touch won by resignation"]

1. d4 Nf6 2. c4 g6 3. Nc3 Bg7 4. e4 O-O 5. f3 c5 6. Nge2 d6 7. Be3 Qa5 8. Nc1 cxd4 9. Nb3 Qh5 10. Nxd4 Nc6 11. Be2 Qh4+ 12. g3 Qh3 13. Bf1 Qh5 14. Bg2 Nxd4 15. Bxd4 Be6 16. b3 Nd7 17. Bxg7 Kxg7 18.
Qd4+ Qe5 19. Rd1 a5 20. f4 Qxd4 21. Rxd4 Nc5 22. Kf2 Rfc8 23. Rb1 Rab8 24. a4 f5 25. Rb2 Kf7 26. Bf3 Bd7 27. exf5 gxf5 28. Nd5 Bc6 29. Bh5+ Kg7 30. Nxe7 Re8 31. Bxe8 Rxe8 32. Nxf5+ Kf6 33. Nxd6 Re6 34. Re2 Nxb3 35. Rxe6+ Kxe6 36. Rd1 Nc5 37. Nb5 Nxa4 38. Nd4+ Kf6 39. Nxc6 bxc6 40. Ra1 Nb6 41. Rxa5 Nxc4 42. Rc5 1-0

[Event "*** Titled Tuesday Blitz"]
[Site "Chess.com"]
[Date "2018.06.05"]
[Round "4"]
[White "Paralinch"]
[Black "GMSrinath"]
[Result "1-0"]
[WhiteElo "2837"]
[BlackElo "2678"]
[TimeControl "180+2"]
[EndTime "13:57:54 PDT"]
[Termination "Paralinch won by resignation"]

1. e4 e5 2. Nf3 Nc6 3. Nc3 Nf6 4.
a3 d5 5. Bb5 Nxe4 6. Qe2 Qd6 7.
Nxe4 dxe4 8. Qxe4 Bd7 9. d3 O-O-O 10. O-O f6 11. b4 Kb8 12. Bb2 a6 13. Ba4 Nd4 14.
Bxd7 Nxf3+ 15. Qxf3 Qxd7 16. d4 exd4 17. Bxd4 Bxb4 18.
Rfd1 Bd6 19. Rab1 Qc8 20. Rb3 c5 21. Rdb1 Rd7 22. Be3 Re8 23. g3 Ree7 24. Rb6 c4 25. Rxa6 Kc7 26. Bb6+ Kb8 27. Ba7+ Kc7 28. Bb6+ Kb8 29.
Be3 Kc7 30. Rab6 Kd8 31. a4 Bb8 32. R6b5 Ke8 33. a5 Be5 34. Bc5 Rf7 35. Qe4 Rc7 36.
Bd6 Rc6 37. Bxe5 fxe5 38. Rxe5+ Kf8 39. Re1 1-0